 Dungeon Crawl Stone Soup version 0.22.1-2-g9c5b331383 (webtiles) character file.

171 Revguard the Chopper (level 5, 0/52 HPs)
             Began as a Minotaur Chaos Knight on Dec 16, 2018.
             Killed from afar by an orc wizard (3 damage)
             ... with a puff of frost
             ... on level 3 of the Dungeon.
             The game lasted 00:09:22 (1984 turns).

Revguard the Chopper (Minotaur Chaos Knight)        Turns: 1984, Time: 00:09:23

Health: 0/52       AC:  8    Str: 18    XL:     5   Next: 26%
Magic:  4/4        EV: 12    Int:  9    God:    Xom [*.....]
Gold:   132        SH:  0    Dex:  9    Spells: 4/4 levels left

rFire    . . .     SeeInvis +   a - +0 hand axe (chaos)
rCold    . . .     Gourm    .   (no shield)
rNeg     . . .     Faith    .   b - +2 leather armour
rPois    .         Spirit   .   (helmet restricted)
rElec    .         Reflect  .   (no cloak)
rCorr    .         Harm     .   (no gloves)
MR       .....                  g - +0 pair of boots
Stlth    +.........             n - amulet of inaccuracy (curse)
HPRegen  0.17/turn              i - ring of see invisible
MPRegen  0.09/turn              (no ring)

@: no status effects
A: retaliatory headbutt, horns 2, yellow scales 1, robust 1
a: Renounce Religion


You were on level 3 of the Dungeon.
You worshipped Xom.
You were a special plaything of Xom.
You were hungry.

You visited 1 branch of the dungeon, and saw 3 of its levels.

You collected 132 gold pieces.

Inventory:

Hand Weapons
 a - a +0 hand axe of chaos (weapon)
Armour
 b - a +2 leather armour (worn)
 g - a +0 pair of boots (worn)
Jewellery
 i - a ring of see invisible (left hand)
 n - a cursed amulet of inaccuracy (around neck)
Scrolls
 e - 4 scrolls of fog {unknown}
 f - 2 scrolls of identify {unknown}
 h - a scroll of amnesia {unknown}
 j - a scroll of remove curse {unknown}
 l - 2 scrolls of magic mapping {unknown}
Potions
 d - 2 potions of haste
 k - a potion of flight
Comestibles
 c - 4 rations


   Skills:
 + Level 5.2 Fighting
 + Level 5.2 Axes
 + Level 3.3 Armour
 + Level 1.8 Dodging
 + Level 0.6 Stealth


You had 4 spell levels left.
You didn't know any spells.
Your spell library was empty.

Dungeon Overview and Level Annotations

Branches:
Dungeon (3/15)

Altars:
Ashenzari
Hepliaklqana
Xom
The Shining One


Innate Abilities, Weirdness & Mutations

You reflexively headbutt those who attack you in melee.
You have a pair of horns on your head.
You are partially covered in yellow scales. (AC +2)
You are robust. (+10% HP)


Message History

The orc wizard is almost dead.
You hit the orc but do no damage.
The orc wizard points at you and mumbles some strange words.
The puff of frost misses you.
The orc wizard begins to cast a cantrip, but forgets the words!
The orc hits you but does no damage.
You closely miss the orc wizard.
The orc wizard is almost dead.
You hit the orc but do no damage.
The orc wizard casts a spell.
The orc wizard flickers and vanishes for a moment.
You barely miss the orc wizard. Your headbutt misses the orc wizard.
The orc wizard is almost dead.
You hit the orc but do no damage. You hit the orc. You drain the orc!
The orc wizard casts a spell at you. The puff of flame misses you.
The orc wizard casts a spell at you. The puff of frost hits you!
You die...
Xom cackles wildly!

# .. . ##+# #.#.##
...# ....# ...#####
#.#.# .......# ..o#
#......# #..#
#......# #oo##
#......## #@o#
#.......# #..##
#.......# #...#
#.......# ##..#
#.......# #..#
#######.##########.##
#............>#
###############


You could see 2 orc wizards and 2 orcs.

Vanquished Creatures
  An orc priest (D:3)
  4 adders
  An ooze (D:1)
  4 worms
  2 dart slugs (D:1)
  5 leopard geckos
  6 orcs (D:3)
  A ball python (D:2)
  4 giant cockroaches
  7 hobgoblins
  8 kobolds
  7 bats
  4 frilled lizards
  13 goblins
  9 rats
76 creatures vanquished.

Notes
Turn   | Place    | Note
-------+----------+-------------------------------------------
     0 | D:1      | Revguard the Minotaur Chaos Knight began the quest for the
                  | Orb.
     0 | D:1      | Reached XP level 1. HP: 19/19 MP: 0/0
   150 | D:1      | XOM: smoke on damage
   170 | D:1      | Reached XP level 2. HP: 25/28 MP: 1/1
   302 | D:1      | XOM: god gift: silvery potion {god gift}
   376 | D:1      | Reached XP level 3. HP: 34/34 MP: 2/2
   754 | D:2      | Found a hazy altar of Hepliaklqana.
   754 | D:2      | Found a glowing golden altar of the Shining One.
   755 | D:2      | Found a shattered altar of Ashenzari.
  1183 | D:2      | XOM: give mutations
  1183 | D:2      | Gained mutation: You are partially covered in yellow
                  | scales. (AC +2) [Xom's grace]
  1183 | D:2      | Gained mutation: You are robust. (+10% HP) [Xom's grace]
  1191 | D:2      | Reached XP level 4. HP: 43/45 MP: 3/3
  1233 | D:2      | Reached skill level 5 in Fighting
  1650 | D:2      | XOM: silly message
  1778 | D:3      | XOM: scenery: create altars
  1910 | D:3      | Reached skill level 5 in Axes
  1975 | D:3      | Reached XP level 5. HP: 19/52 MP: 4/4
  1979 | D:3      | HP: 2/52 [orc priest/divine providence (9)]
  1984 | D:3      | Killed from afar by an orc wizard

Skill      XL: |  1  2  3  4 |
---------------+-------------+-----
Fighting       | 4 5 |  5.2
Axes           | 4 5 |  5.2
Armour         | 3 |  3.3
Dodging        | |  1.8
Stealth        | |  0.6

Action                   |  1- 3 |  4- 6 || total
-------------------------+-------+-------++-------
Melee: Hand axe          |    80 |   100 ||   180
       Headbutt          |    10 |    10 ||    20
  Use: Potion            |     6 |     2 ||     8
       Scroll            |     1 |       ||     1
 Stab: Paralysed         |     1 |       ||     1
       Sleeping          |     1 |       ||     1
  Eat: Chunk             |       |     3 ||     3
Armor: Leather armour    |    40 |    33 ||    73
Dodge: Dodged            |    55 |    65 ||   120
